 Dungeon Crawl Stone Soup version 0.22-a0-419-g492bfec (webtiles) character file.

322 4thArraOfDagon the Firebug (level 6, -2/34 HPs)
             Began as a Halfling Wanderer on May 15, 2018.
             Was an Initiate of Hepliaklqana.
             Slain by an ogre
             ... wielding a +0 giant spiked club
              (13 damage)
             ... on level 4 of the Dungeon.
             The game lasted 00:10:19 (3429 turns).

4thArraOfDagon the Firebug (Halfling Wanderer)      Turns: 3429, Time: 00:10:20

Health: -2/34      AC: 10    Str: 10    XL:     6   Next: 76%
Magic:  8/9        EV: 10    Int: 14    God:    Hepliaklqana [......]
Gold:   194        SH:  0    Dex: 15    Spells: 5/9 levels left

rFire    . . .     SeeInvis .   k - +1 whip (venom)
rCold    . . .     Gourm    .   (shield restricted)
rNeg     + . .     Faith    .   a - +2 scale mail
rPois    .         Spirit   .   (no helmet)
rElec    .         Reflect  .   (no cloak)
rCorr    .         Harm     .   n - +0 pair of gloves (curse)
MR       .....                  r - +0 pair of boots
Stlth    ..........             (no amulet)
HPRegen  0.11/turn              j - ring of positive energy
MPRegen  0.11/turn              (no ring)

@: no status effects
A: small, reduced essence, mutation resistance 1
a: Recall Ancestor, Ancestor Identity, Renounce Religion


You were on level 4 of the Dungeon.
You worshipped Hepliaklqana.
Hepliaklqana was noncommittal.
You were not hungry.

You visited 1 branch of the dungeon, and saw 4 of its levels.

You collected 194 gold pieces.

Inventory:

Hand Weapons
 c - a +0 dagger
 g - a +0 spear
 i - a +0 vampiric short sword
 k - a +1 whip of venom (weapon)
 l - a +0 dagger of holy wrath
Armour
 a - a +2 scale mail (worn)
 n - a cursed +0 pair of gloves (worn)
 p - a +0 ring mail
 r - a +0 pair of boots (worn)
Magical Staves
 u - an uncursed staff of poison
Jewellery
 j - a ring of positive energy (left hand)
Scrolls
 b - a scroll of identify
 h - a scroll of enchant weapon {unknown}
 m - 4 scrolls of remove curse
 o - 4 scrolls of teleportation
 s - a scroll of magic mapping {unknown}
 v - a scroll of amnesia {unknown}
Potions
 e - a potion of heal wounds
 f - 2 potions of might
 q - 2 potions of curing
 t - a potion of ambrosia
Comestibles
 d - 7 rations


   Skills:
 - Level 1.0 Fighting
   Level 1.0 Axes
 - Level 2.0 Throwing
 - Level 1.1 Armour
 - Level 2.4 Spellcasting
 * Level 3.5 Conjurations
   Level 1.2 Transmutations
 * Level 4.2 Fire Magic


You had 5 spell levels left.
You knew the following spells:

 Your Spells              Type           Power        Failure   Level  Hunger
a - Flame Tongue          Conj/Fire      ##...        32%         1    #......
b - Conjure Flame         Conj/Fire      ##......     67%         3    ###....

Your spell library contained the following spells:

 Spells                   Type           Power        Failure   Level  Hunger


Dungeon Overview and Level Annotations

Branches:
Dungeon (4/15)
 Temple: D:4-7

Altars:
Hepliaklqana
Xom

Annotations:
D:4 Dowan


Innate Abilities, Weirdness & Mutations

You are small and have problems with some larger weapons.
You are somewhat resistant to further mutation.
Your life essence is reduced to manifest your ancestor. (-10% HP)


Message History

Found 24 sling bullets.
Unknown command.
You barely miss the ogre.
The ogre is lightly wounded.
The ogre hits you with a giant spiked club!!
Ouch! That really hurt!
* * * LOW HITPOINT WARNING * * *
Xochitl hits the ogre.
Unknown command.
You barely miss the ogre.
The ogre is moderately wounded.
The ogre closely misses you.
Xochitl hits the ogre.
Unknown command.
Unknown command.
Xochitl hits the ogre.
Xochitl hits the ogre.
You hit the ogre.
The ogre is poisoned.
The ogre is almost dead.
The ogre hits you with a giant spiked club!
You die...

#. #.......≈.
#.##........≈
#.#......... #
##........... ##.
#....<....... ....
##...###......
.....#....# ......
..........##..(##..
........RO@...# .
^####........##
#...###..# #..##
....# #..# ......
#.. .##.... #..# .#
##.. ... .# ##


You could see the friendly Xochitl the ancestor and an ogre.

Vanquished Creatures
  A crimson imp (D:3)
  An orc wizard (D:3)
  Jessica (D:3)
  Natasha (twice) (D:2)
  4 gnolls
  An ooze (D:1)
  An adder skeleton (D:4)
  2 dart slugs
  4 leopard geckos
  5 orcs (D:3)
  6 giant cockroaches
  7 goblins
  5 hobgoblins
  6 jackals (D:1)
  9 kobolds
  9 bats
  10 frilled lizards
  6 rats
80 creatures vanquished.

Vanquished Creatures (collateral kills)
  A crimson imp (D:3)
  A worm (D:3)
  A leopard gecko (D:3)
  An orc (D:3)
  2 giant cockroaches
  A kobold (D:2)
  A frilled lizard (D:2)
8 creatures vanquished.

Grand Total: 88 creatures vanquished

Notes
Turn   | Place    | Note
-------+----------+-------------------------------------------
     0 | D:1      | 4thArraOfDagon the Halfling Wanderer began the quest for the Orb.
     0 | D:1      | 4thArraOfDagon set off with: a +2 scale mail, a +0 dagger, a ration
     0 | D:1      | Reached XP level 1. HP: 13/13 MP: 3/3
     0 | D:1      | blah
     2 | D:1      | Learned a level 1 spell: Flame Tongue
    83 | D:1      | Reached XP level 2. HP: 18/18 MP: 3/5
   107 | D:1      | Reached skill level 1 in Fire Magic
   188 | D:1      | Reached skill level 1 in Conjurations
   407 | D:1      | Reached XP level 3. HP: 16/23 MP: 6/6
   699 | D:1      | Reached skill level 2 in Fire Magic
   916 | D:2      | Learned a level 3 spell: Conjure Flame
   959 | D:2      | Reached XP level 4. HP: 25/28 MP: 7/7
  1548 | D:4      | Noticed Dowan
  1630 | D:3      | Noticed Jessica
  1642 | D:3      | Killed Jessica
  1642 | D:3      | Reached XP level 5. HP: 28/33 MP: 8/8
  1649 | D:3      | Reached skill level 3 in Fire Magic
  1700 | D:3      | Noticed Natasha
  1748 | D:2      | Killed Natasha
  1758 | D:2      | Found a hazy altar of Hepliaklqana.
  1774 | D:2      | Became a worshipper of Hepliaklqana the Forgotten
  2035 | D:2      | Noticed Natasha
  2044 | D:2      | Killed Natasha
  2044 | D:2      | Reached XP level 6. HP: 30/34 MP: 9/9
  2933 | D:3      | Found a shimmering altar of Xom.
  3077 | D:3      | Reached skill level 4 in Fire Magic
  3420 | D:4      | Noticed an ogre
  3429 | D:4      | Slain by an ogre

Vault maps used:
D:1:      noname_arrival_rooms_in_the_neighbourhood
D:2:      nicolae_overflow_hidden_temple, first_ration, minivault_11
D:3:      led_xom_imps, uniq_natasha, uniq_jessica
D:4:      cheibrodos_helix_gallery, grunt_temple_overflow_lords_of_destruction,
          kennysheep_mini_moat, kennysheep_mini,
          chequers_temple_overflow_statue_of_worship, serial_shops, shop, shop,
          chei_slow_surprise, uniq_grinder, uniq_duvessa, uniq_menkaure

Skill      XL: |  1  2  3  4  5  6 |
---------------+-------------------+-----
Fire Magic     | 1 2 3 4 |  4.2
Conjurations   | 1 2 3 |  3.5
Fighting       | |  1.0
Axes           | |  1.0
Throwing       | |  2.0
Armour         | |  1.1
Spellcasting   | |  2.4
Transmutations | |  1.2

Action                   |  1- 3 |  4- 6 || total
-------------------------+-------+-------++-------
Melee: Dagger            |   162 |       ||   162
       Spear             |    62 |    63 ||   125
       Whip              |       |   148 ||   148
 Cast: Flame Tongue      |     2 |    10 ||    12
  Use: Potion            |       |     1 ||     1
       Scroll            |       |     5 ||     5
 Stab: Distracted        |       |     1 ||     1
  Eat: Chunk             |     1 |     9 ||    10
Armor: Scale mail        |   107 |    77 ||   184
       Ring mail         |       |    18 ||    18
Dodge: Dodged            |   122 |   131 ||   253

Table legend:
 A = Spawn XP
 B = Non-spawn XP
 C = Spawn XP percentage of total XP
 D = Spawn monster count
 E = Non-spawn monster count
 F = Spawn count percentage of total count
 G = Total turns spent on level
                    A         B        C        D         E        F      G
               +---------+---------+-------+---------+---------+-------+---------
         Total |       0 |     461 |   0.0 |       0 |      88 |   0.0 |  3429
               +---------+---------+-------+---------+---------+-------+---------
           D:1 |       0 |      65 |   0.0 |       0 |      35 |   0.0 |  1185
           D:2 |       0 |     121 |   0.0 |       0 |      22 |   0.0 |   991
           D:3 |       0 |     270 |   0.0 |       0 |      30 |   0.0 |  1198
           D:4 |       0 |       5 |   0.0 |       0 |       1 |   0.0 |    55
               +---------+---------+-------+---------+---------+-------+---------
